 Dungeon Crawl Stone Soup version 0.28.0-43-g3370ac3207 (webtiles) character file.

Game seed: 7300001889057682672

606 sizableburger the Slasher (level 7, -2/52 HPs)
             Began as a Human Gladiator on Mar 23, 2022.
             Was a Follower of Wu Jian.
             Slain by a wyvern zombie (4 damage)
             ... in an ossuary.
             The game lasted 00:09:13 (4560 turns).

sizableburger the Slasher (Human Gladiator)         Turns: 4560, Time: 00:09:14

Health: -2/52      AC:  9    Str: 14    XL:     7   Next: 70%
Magic:  7/7        EV: 10    Int:  8    God:    Wu Jian [*.....]
Gold:   123        SH:  9    Dex: 17    Spells: 6/6 levels left

rFire   . . .      SeeInvis .   a - +1 long sword
rCold   . . .      Faith    .   i - +0 buckler
rNeg    . . .      Spirit   .   j - +0 scale mail
rPois   .          Reflect  +   c - +2 helmet
rElec   .          Harm     .   (no cloak)
rCorr   .          Rampage  .   (no gloves)
Will    .....                   (no boots)
Stlth   ..........              b - amulet of reflection
HPRegen 0.17/turn               (no ring)
MPRegen 0.10/turn               (no ring)

@: no status effects
A: no striking features
a: Renounce Religion


You were in an ossuary.
You worshipped Wu Jian.
Wu Jian was aware of your devotion.
You visited 1 branch of the dungeon, and saw 5 of its levels.
You also visited: Ossuary.

You collected 123 gold pieces.

Inventory:

Hand Weapons
 a - a +1 long sword (weapon)
Missiles
 d - a throwing net
 h - 8 poisoned darts (quivered)
Armour
 c - a +2 helmet (worn)
 i - a +0 buckler (worn)
 j - a +0 scale mail (worn)
Jewellery
 b - an amulet of reflection (around neck)
Potions
 e - a potion of curing {unknown}
 l - a potion of lignification {unknown}
 m - a potion of berserk rage {unknown}


   Skills:
 + Level 3.1 Fighting
 + Level 7.5 Long Blades
 - Level 2.0 Throwing
 - Level 0.2 Armour
 + Level 3.9 Dodging


You had 6 spell levels left.
You didn't know any spells.
Your spell library was empty.

Dungeon Overview and Level Annotations

Branches:
Dungeon (5/15)            Ossuary (1/1)
 Temple: D:4-7

Altars:
Qazlal
Wu Jian
Zin


Message History

You are too injured to fight recklessly!
You are too injured to fight recklessly!
You are too injured to fight recklessly!
You are too injured to fight recklessly!
You are too injured to fight recklessly!
You are too injured to fight recklessly!
You are too injured to fight recklessly!
You are too injured to fight recklessly!
You are too injured to fight recklessly!
Unknown command.
You spin to attack the bog mummy, but your attack speed is too slow for a blow to land.
You spin and attack the mummy.
You hit the mummy.
The mummy is heavily damaged.
The wyvern zombie bites you!
* * * LOW HITPOINT WARNING * * *
The bog mummy barely misses you. The mummy hits you!
* * * LOW HITPOINT WARNING * * *
There is an empty arch of ancient stone here.
You feel much better. The wyvern zombie barely misses you.
The wyvern zombie bites you.
* * * LOW HITPOINT WARNING * * *
The bog mummy gestures at you while chanting.
The puff of frost reflects off an invisible shield around you!
The puff of frost hits the bog mummy.
The bog mummy resists.
Unknown command.
Your magical effects are unravelling.
You feel magically purged.
You feel yourself speed up. The wyvern zombie bites you.
* * * LOW HITPOINT WARNING * * *
The mummy hits you.
* * * LOW HITPOINT WARNING * * *
The wyvern zombie bites you.
* * * LOW HITPOINT WARNING * * *
You block the bog mummy's attack.
You aren't carrying any scrolls.
Okay, then.
You aren't carrying any items that you can evoke.
The wyvern zombie bites you.
You die...

#+ # +≈
###≈#≈#####
#≈≈.'Z#...#
#ZM.M.#
#≈≈..Z#MZ@#
##≈#≈≈#####
##... ###.
+. #Z


MZ You could see a mummy, 2 bog mummies, a bullfrog zombie, a wyvern zombie and
a killer bee zombie.

Vanquished Creatures
  A water moccasin (D:5)
  A scorpion (D:4)
  A howler monkey (D:5)
  3 centaur zombies (Ossuary)
  4 mummies (Ossuary)
  Jessica (D:2)
  An iguana (D:4)
  A killer bee zombie (Ossuary)
  An adder (D:4)
  A worm (D:4)
  3 dart slugs
  7 orcs
  4 ball pythons
  6 endoplasms
  2 giant cockroaches
  9 hobgoblins
  5 quokkas
  4 bats
  5 frilled lizards
  8 goblins
  8 kobolds
  9 rats
85 creatures vanquished.

Vanquished Creatures (collateral kills)
  A centaur zombie (Ossuary)
  A bullfrog zombie (Ossuary)
2 creatures vanquished.

Vanquished Creatures (others)
  4 withered plants (Ossuary)
4 creatures vanquished.

Grand Total: 91 creatures vanquished

Notes
Turn   | Place    | Note
-------+----------+-------------------------------------------
     0 | D:1      | sizableburger the Human Gladiator began the quest for the
                  | Orb.
     0 | D:1      | Reached XP level 1. HP: 16/16 MP: 1/1
   192 | D:1      | Reached XP level 2. HP: 20/22 MP: 2/2
   610 | D:1      | Reached XP level 3. HP: 27/27 MP: 3/3
   771 | D:2      | Found a stormy altar of Qazlal.
  1028 | D:2      | Reached skill level 4 in Long Blades
  1136 | D:2      | Noticed Jessica
  1142 | D:2      | Killed Jessica
  1143 | D:2      | Reached XP level 4. HP: 33/33 MP: 4/4
  1673 | D:3      | Found an ornate altar of the Wu Jian Council.
  1733 | D:3      | Found a glowing silver altar of Zin.
  1742 | D:3      | Became a worshipper of the Wu Jian Council
  2376 | D:4      | Reached skill level 5 in Long Blades
  2376 | D:4      | Reached XP level 5. HP: 22/38 MP: 5/5
  3256 | D:4      | Reached skill level 6 in Long Blades
  3256 | D:4      | Reached XP level 6. HP: 33/44 MP: 6/6
  4243 | D:5      | Entered Level 5 of the Dungeon
  4269 | D:5      | Noticed a water moccasin
  4283 | D:5      | Killed a water moccasin
  4284 | D:5      | Reached skill level 7 in Long Blades
  4394 | D:5      | Found a sand-covered staircase.
  4457 | Ossuary  | Entered an ossuary
  4473 | Ossuary  | Reached XP level 7. HP: 47/50 MP: 7/7
  4505 | Ossuary  | Reached * piety under Wu Jian
  4559 | Ossuary  | HP: 2/52 [wyvern zombie (5)]
  4560 | Ossuary  | Slain by a wyvern zombie

Illustrated notes

Levels and vault maps discovered:
D:1:      dpeg_arrival_windows_large_door, layout_basic, minmay_fountain_box
D:2:      layout_basic, basic_altar, uniq_jessica
D:3:      layout_loops_ring, mainiacjoe_overflow_big_doors
D:4:      layout_layer_cave, abandoned_shop
D:5:      layout_basic, nicolae_ossuary_entry_false_entrances
Ossuary:  ossuary_zaba_flooded

Skill      XL: |  1  2  3  4  5  6  7 |
---------------+----------------------+-----
Long Blades    | 4 5 6 7 |  7.5
Fighting       | 3 |  3.1
Throwing       | |  2.0
Armour         | |  0.2
Dodging        | |  3.9

Action                   |  1- 3 |  4- 6 |  7- 9 || total
-------------------------+-------+-------+-------++-------
Melee: Long sword        |    80 |   173 |    62 ||   315
Throw: Dart              |     4 |    14 |       ||    18
       Throwing net      |       |     2 |       ||     2
Invok: Lunge             |       |     4 |     1 ||     5
       Whirlwind         |       |       |     1 ||     1
  Use: Scroll            |       |    12 |     2 ||    14
       Potion            |       |     1 |     2 ||     3
 Stab: Sleeping          |     3 |       |       ||     3
       Distracted        |       |       |     1 ||     1
Armor: Leather armour    |    11 |       |       ||    11
       Scale mail        |    22 |    63 |    24 ||   109
Dodge: Dodged            |    41 |    76 |    28 ||   145
Block: Buckler           |     8 |    56 |    38 ||   102
       Reflection        |       |       |     1 ||     1
